 Dungeon Crawl Stone Soup version 0.29-a0-344-ge2f44be95a (webtiles) character file.

Game seed: 13547390432920903028

1507 spaghetti the Covered (level 8, 0/75 HPs)
             Began as a Naga Berserker on Apr 22, 2022.
             Was a Believer of Trog.
             Slain by a killer bee (2 damage)
             ... on level 6 of the Dungeon.
             The game lasted 00:06:47 (4694 turns).

spaghetti the Covered (Naga Berserker)              Turns: 4694, Time: 00:06:48

Health: 0/75       AC: 18    Str: 22    XL:     8   Next: 82%
Magic:  8/8        EV:  5    Int:  8    God:    Trog [**....]
Gold:   241        SH:  0    Dex: 10    Spells: 7/7 levels left

rFire   + . .      SeeInvis +   s - +0 mace (protect) {mace}
rCold   . . .      Faith    +   (no shield)
rNeg    . . .      Spirit   .   d - +0 plate armour
rPois   +          Reflect  .   x - +0 helmet
rElec   .          Harm     .   (no cloak)
rCorr   .          Rampage  .   (no gloves)
Will    +++..                   (no barding)
Stlth   ..........              h - amulet of faith {!P}
HPRegen 1.22/turn               (no ring)
MPRegen 0.11/turn               (no ring)

@: lethally poisoned (0 -> 0), strong-willed, under a protective aura, on
berserk cooldown, regenerating, slowed, very slow
A: AC +2, large, see invisible, deformed body, poison resistance, slowness 2,
spit poison 1, naga tail 1, fire resistance 1
a: Spit Poison, Renounce Religion, Berserk, Trog's Hand


You were on level 6 of the Dungeon.
You worshipped Trog.
Trog was pleased with you.
You visited 1 branch of the dungeon, and saw 5 of its levels.

You collected 241 gold pieces.


Innate Abilities, Weirdness & Mutations

Your serpentine skin is tough. (AC +2)
You have supernaturally acute eyesight. (SInv)
Armour fits poorly on your strangely shaped body.
Your system is resistant to poisons. (rPois)
You cover ground very slowly.
You can spit poison.
You have a snake-like lower body.
Your flesh is heat resistant. (rF+)


   Skills:
 + Level 5.5 Fighting
 - Level 3.8 Axes
 + Level 3.9 Throwing
 * Level 5.8 Armour
 + Level 4.0 Dodging


You had 7 spell levels left.
You didn't know any spells.
Your spell library contained the following spells:

 Spells                   Type           Power      Damage    Failure   Level
 Sting                    Tmut/Pois      0%         1d3       100%        1
 Poisonous Vapours        Pois/Air       0%         N/A       100%        2
 Olgreb's Toxic Radiance  Pois           0%         N/A       100%        4
 Chain Lightning          Conj/Air       0%         N/A       100%        9
 Fire Storm               Conj/Fire      0%         5d1       100%        9
 Shatter                  Erth           0%         3d5*      100%        9

Inventory:

Hand Weapons
 a - a +0 hand axe {axe}
 n - a +0 war axe {axe}
   (You found it on level 3 of the Dungeon)
 r - a +0 mace of draining {mace}
   (You took it off an orc on level 5 of the Dungeon)
 s - a +0 mace of protection (weapon) {mace}
   (You took it off an orc on level 5 of the Dungeon)
Missiles
 c - a poisoned dart {throwing}
 g - 29 stones (quivered) {throwing}
 l - 5 javelins {throwing}
 t - 2 boomerangs {throwing}
 y - 6 curare-tipped darts {=fthrowing}
Armour
 b - a +0 animal skin
 d - a +0 plate armour (worn)
   (You found it on level 1 of the Dungeon)
 x - a +0 helmet (worn)
   (You found it on level 5 of the Dungeon)
Magical Staves
 p - a staff of earth {forbidden!astaff}
   (You found it on level 3 of the Dungeon)
Jewellery
 h - an amulet of faith (around neck) {!P}
   (You found it on level 1 of the Dungeon)
 q - a ring of willpower
   (You found it on level 3 of the Dungeon)
Wands
 z - a wand of polymorph (11)
   (You found it on level 5 of the Dungeon)
 A - a wand of iceblast (6)
   (You took it off Ijyb on level 5 of the Dungeon)
Scrolls
 e - a scroll of holy word {unknown}
 f - 2 scrolls of teleportation {unknown}
 i - 2 scrolls of fear {unknown}
 j - a scroll of magic mapping {unknown}
 k - 2 scrolls of vulnerability {unknown}
 m - a scroll of identify {unknown}
 w - a scroll of noise {unknown}
 B - 2 scrolls of immolation {unknown}
 C - a scroll of enchant armour {unknown}
Potions
 v - a potion of invisibility

Dungeon Overview and Level Annotations

Branches:
Dungeon (6/15)
 Temple: D:4-7

Altars:
Vehumet

########
...$...#########
#..........# .#
#.)#######.#####.#
#)..S@yy.........#
#..(.(######..#.###.#
#(##.(# #..#.###.## #
#..# #..#.##...####
#(.# #..#..........
#.(# #..##.#...####
#:.# #..##.##.## #..#
#..##.##.# #<.##.##.#


You could see a water moccasin and 2 killer bees.


Message History

You take 3 damage, and now have 52/112 hp.
You closely miss the killer bee.
You feel sick.
The killer bee stings you but does no damage. x3
The killer bee stings you.
* * * LOW HITPOINT WARNING * * *
😨 HP[-2]
You take 2 damage, and now have 50/112 hp.
You miss the killer bee.
You feel sick.
The killer bee stings you but does no damage.
The killer bee barely misses you.
You barely miss the killer bee.
You feel sick. The killer bee stings you.
* * * LOW HITPOINT WARNING * * *
The killer bee stings you but does no damage.
The killer bee barely misses you.
The killer bee stings you but does no damage. 😨 HP[-3]
You take 3 damage, and now have 47/112 hp.
You closely miss the killer bee.
You feel sick.
The killer bee stings you but does no damage. x3
The killer bee stings you.
* * * LOW HITPOINT WARNING * * *
😨 HP[-3]
You take 3 damage, and now have 44/112 hp.
You miss the killer bee.
You feel sick.
The killer bee stings you but does no damage. x2
The killer bee stings you.
* * * LOW HITPOINT WARNING * * *
The killer bee stings you.
* * * LOW HITPOINT WARNING * * *
😨 HP[-12]
You take 12 damage, and now have 32/112 hp.
You barely miss the killer bee. Your punch misses the killer bee.
The killer bee stings you.
* * * LOW HITPOINT WARNING * * *
You are more poisoned.
The killer bee poisons you!
The killer bee stings you but does no damage. 😨 HP[-3]
You take 3 damage, and now have 29/112 hp.
You are too berserk!
You miss the killer bee.
You feel sick.
The killer bee stings you but does no damage. x4 😱 HP[-1]
You take 1 damage, and now have 28/112 hp.
You closely miss the killer bee.
You feel sick.
The killer bee stings you but does no damage. x2
The killer bee stings you.
* * * LOW HITPOINT WARNING * * *
You are more poisoned.
The killer bee poisons you!
The killer bee completely misses you. 😱 HP[-6]
You take 6 damage, and now have 22/112 hp.
Unknown command.
Unknown command.
You hit the killer bee.
Your weapon exudes an aura of protection.
You feel sick. The killer bee stings you.
* * * LOW HITPOINT WARNING * * *
You are more poisoned.
The killer bee poisons you!
The killer bee barely misses you. 😱 HP[-3]
You take 3 damage, and now have 19/112 hp.
Unknown command.
Unknown command.
You closely miss the killer bee.
You feel very sick.
The killer bee stings you but does no damage.
The killer bee barely misses you. x2
The killer bee stings you but does no damage. 😱 HP[-2]
You take 2 damage, and now have 17/112 hp.
You thump the killer bee!
You kill the killer bee!
Trog accepts your kill.
You feel very sick. The killer bee stings you.
* * * LOW HITPOINT WARNING * * *
The killer bee stings you but does no damage.
Your Dodging skill increases to level 4! 😱 HP[-3]
You take 3 damage, and now have 14/112 hp.
You barely miss the water moccasin.
You feel very sick.
The killer bee stings you but does no damage.
The water moccasin barely misses you.
The killer bee closely misses you. 😱 HP[-1]
You take 1 damage, and now have 13/112 hp.
You hit the water moccasin.
You feel sick. The water moccasin bites you.
* * * LOW HITPOINT WARNING * * *
The killer bee stings you but does no damage.
The water moccasin bites you.
* * * LOW HITPOINT WARNING * * *
😱 HP[-8]
You take 8 damage, and now have 5/112 hp.
You closely miss the water moccasin.
You are no longer berserk.
You are exhausted.
You feel yourself slow down.
You feel sick. The killer bee barely misses you. The killer bee stings you.
You die...

Skill      XL: |  1  2  3  4  5  6  7  8 |
---------------+-------------------------+-----
Armour         | 2 3 4 5 |  5.8
Throwing       | 1 2 3 |  3.9
Dodging        | 2 3 4 |  4.0
Fighting       | 4 5 |  5.5
Axes           | |  3.8

Action                   |  1- 3 |  4- 6 |  7- 9 || total
-------------------------+-------+-------+-------++-------
Melee: Hand axe          |    50 |    54 |       ||   104
       War axe           |       |    28 |       ||    28
       Mace              |       |    19 |   153 ||   172
       Punch             |       |       |     2 ||     2
Throw: Dart              |     2 |       |       ||     2
       Stone             |       |    10 |    18 ||    28
Invok: Berserk           |     1 |     2 |     4 ||     7
       Trog's Hand       |       |       |     2 ||     2
 Abil: Spit Poison       |     1 |     3 |     2 ||     6
  Use: Potion            |     2 |       |     3 ||     5
Armor: Plate armour      |    16 |    61 |   198 ||   275
Dodge: Dodged            |     8 |    12 |    67 ||    87

Levels and vault maps discovered:
D:1:      scummos_arrival_checkerplants, layout_basic, minmay_misc_feat_columns
D:2:      layout_basic, uniq_robin, uniq_sigmund
D:3:      layout_basic, nicolae_vehumet_altar_sigil, basic_ecumenical_altar
D:5:      layout_loops_cross, uniq_ijyb
D:6:      layout_loops_ring, uniq_pikel

Notes
Turn   | Place    | Note
-------+----------+-------------------------------------------
     0 | D:1      | spaghetti the Naga Berserker began the quest for the Orb.
     0 | D:1      | Reached XP level 1. HP: 21/21 MP: 1/1
     0 | D:1      | magus.rc [v1.9.6]
   343 | D:1      | Reached XP level 2. HP: 28/28 MP: 2/2
   378 | D:1      | Reached skill level 2 in Armour
   501 | D:1      | HP: 6/28 [gnoll/+0 club (3)]
  1076 | D:1      | Reached XP level 3. HP: 28/34 MP: 3/3
  1327 | D:2      | Noticed Sigmund
  1348 | D:2      | Killed Sigmund
  1349 | D:2      | Reached skill level 1 in Throwing
  1349 | D:2      | Reached skill level 3 in Armour
  1349 | D:2      | Reached skill level 2 in Dodging
  1349 | D:2      | Reached XP level 4. HP: 29/44 MP: 4/4
  1349 | D:2      | Reached XP level 5. HP: 33/50 MP: 5/5
  1462 | D:2      | You add the spells Sting, Poisonous Vapours and Olgreb's
                  | Toxic Radiance to your library.
  1667 | D:2      | Reached ** piety under Trog
  1752 | D:2      | Noticed Robin
  1773 | D:2      | Killed Robin
  1863 | D:2      | You pick up a book of Annihilations {forbidden} and begin
                  | reading...
  1863 | D:2      | You add the spells Chain Lightning, Fire Storm and Shatter
                  | to your library.
  2365 | D:3      | Reached XP level 6. HP: 57/57 MP: 6/6
  2738 | D:3      | Found a radiant altar of Vehumet.
  2766 | D:3      | Found a faded altar of an unknown god.
  2828 | D:3      | You fall into a shaft and drop 2 floors!
  2828 | D:5      | Entered Level 5 of the Dungeon
  2892 | D:5      | Reached skill level 4 in Fighting
  2892 | D:5      | Reached skill level 2 in Throwing
  3031 | D:5      | Reached XP level 7. HP: 44/64 MP: 7/7
  3301 | D:5      | Reached skill level 4 in Armour
  3668 | D:5      | Reached skill level 3 in Dodging
  3865 | D:5      | Noticed Ijyb
  3878 | D:5      | Killed Ijyb
  4330 | D:5      | Reached skill level 3 in Throwing
  4330 | D:5      | Reached XP level 8. HP: 73/73 MP: 8/8
  4342 | D:5      | HP: 16/73 [sky beast (6)]
  4344 | D:5      | Gained mutation: Your flesh is heat resistant. (rF+)
                  | [potion of mutation]
  4557 | D:6      | Noticed Pikel
  4571 | D:6      | Killed Pikel
  4572 | D:6      | Reached skill level 5 in Fighting
  4572 | D:6      | Reached skill level 5 in Armour
  4687 | D:6      | HP: 28/112 [poisoned by a killer bee]
  4692 | D:6      | Reached skill level 4 in Dodging
  4692 | D:6      | HP: 13/112 [poisoned by a killer bee]
  4693 | D:6      | HP: 6/112 [water moccasin (6)]
  4694 | D:6      | HP: 2/75 [poisoned by a killer bee]
  4694 | D:6      | Slain by a killer bee

Vanquished Creatures
  Pikel (D:6)
  Sigmund (D:2)
  2 sky beasts (D:5)
  2 ogres (D:5)
  A bullfrog (D:5)
  A scorpion (D:5)
  2 killer bees (D:6)
  A howler monkey (D:6)
  A jelly (D:5)
  A hound (D:5)
  2 iguanas
  An orc wizard (D:5)
  Ijyb (D:5)
  Robin (D:2)
  A gnoll (D:1)
  3 adders (D:5)
  A white imp (D:5)
  An ufetubus (D:5)
  12 orcs
  7 endoplasms
  A giant cockroach (D:3)
  16 goblins
  6 hobgoblins
  2 jackals (D:3)
  A kobold (D:3)
  2 quokkas
  10 ball pythons
  2 frilled lizards (D:1)
  3 rats
86 creatures vanquished.

Table legend:
 A = Non-vault XP
 B = Vault XP
 C = Vault XP percentage of total XP
 D = Non-vault monster count
 E = Vault monster count
 F = Vault count percentage of total count
                 A         B        C        D         E       F
            +---------+---------+-------+---------+---------+-------
      Total |    1209 |     944 |  43.8 |      71 |      15 |  17.4
            +---------+---------+-------+---------+---------+-------
        D:1 |      37 |       0 |   0.0 |      16 |       0 |   0.0
        D:2 |      23 |     249 |  91.5 |      14 |      13 |  48.1
        D:3 |      54 |       0 |   0.0 |      10 |       0 |   0.0
        D:5 |     908 |      32 |   3.4 |      24 |       1 |   4.0
        D:6 |     187 |     663 |  78.0 |       7 |       1 |  12.5
            +---------+---------+-------+---------+---------+-------

Illustrated notes

Table legend:
 A = Kills in this place as a percentage of kills in entire the game.
 B = Kills by you in this place as a percentage of kills by you in the entire game.
 C = Kills by friends in this place as a percentage of kills by friends in the entire game.
 D = Other kills in this place as a percentage of other kills in the entire game.
 E = Experience gained in this place as a percentage of experience gained in the entire game.
 F = Experience gained in this place divided by the number of levels of this place that you have seen.
                   A       B       C       D       E      F
               +-------+-------+-------+-------+-------+----------------------
         Total | 100.0 | 100.0 |   N/A |   N/A | 100.0 | 430.6
       Dungeon | 100.0 | 100.0 |   N/A |   N/A | 100.0 | 430.6
               +-------+-------+-------+-------+-------+----------------------

Table legend: (Time is in decaauts)
 A = Elapsed time spent in this place.
 B = Non-inter-level travel time spent in this place.
 C = Inter-level travel time spent in this place.
 D = Time resting spent in this place.
 E = Time spent auto-exploring this place.
 F = Levels seen in this place.
 G = Mean time per level.
                   A        B        C        D        E       F      G
               +--------+--------+--------+--------+--------+-----+--------+
         Total |   5648 |   5458 |    190 |   1080 |   3651 |   5 | 1129.6 |
       Dungeon |   5648 |   5458 |    190 |   1080 |   3651 |   5 | 1129.6 |
               +--------+--------+--------+--------+--------+-----+--------+

Top non-repeatable levels by time:
     D:5: 1921 daAuts
     D:1: 1646 daAuts
     D:2: 1064 daAuts
     D:3: 776 daAuts
     D:6: 239 daAuts
